AoeStats
← eyupfc

Arabia

507807940Analyzed
1v1 RM · 13d ago on Sep 19, 2026· 64m 21s· 2 players
Game mode
Random Map
Map size
Tiny (2 player)
Population
200
Speed
Normal
Resources
Standard
Victory
Conquest
Starting age
Dark Age
Ending age
Imperial Age
RankedLock teamsTeams togetherTeam positionsShared explorationLock speedFull tech treeHidden civsTurbo modeCheats
Victory
Defeat
🇹🇷 Mapuche · Türkiye
1264
+17
🇩🇪 Romans · Germany
1287
-17
eyupfc
7:15 Loom
9:19 Feudal Age
9:51 Champi Runner
10:17 Double-Bit Axe
14:04 Fletching
24:06 Castle Age
23:47 Stone Mining
23:39 Horse Collar
23:49 Gold Mining
24:01 Padded Archer Armor
24:11 Crossbowman
24:20 Elite Skirmisher
27:56 Bodkin Arrow
32:19 Leather Archer Armor
33:17 Ballistics
39:51 Wheelbarrow
39:12 Town Watch
39:38 Bow Saw
39:42 Forging
40:26 Malon
41:25 Iron Casting
44:55 Imperial Age
42:43 Hand Cart
43:34 Champi Warrior
45:01 Elite Champi Warrior
45:42 Scale Mail Armor
46:43 Blast Furnace
47:57 Conscription
51:04 Chemistry
50:15 Capped Ram
53:27 Elite Kona
56:54 Ring Archer Armor
64:36 Gold Shaft Mining
r8ndom
7:14 Loom
9:37 Feudal Age
10:15 Double-Bit Axe
11:01 Horse Collar
10:47 Man-at-Arms
16:34 Wheelbarrow
20:11 Gold Mining
23:01 Castle Age
22:48 Bloodlines
22:40 Scale Mail Armor
22:51 Forging
24:39 Chain Mail Armor
27:05 Bow Saw
27:42 Heavy Plow
30:05 Hand Cart
31:32 Fletching
31:53 Padded Archer Armor
31:44 Elite Skirmisher
32:58 Bodkin Arrow
36:16 Iron Casting
35:22 Pikeman
40:29 Gold Shaft Mining
41:32 Squires
40:53 Long Swordsman
45:35 Imperial Age
44:51 Fervor
44:52 Redemption
45:40 Legionary
48:25 Blast Furnace
47:58 Conscription
48:48 Ballistics
49:28 Chemistry
49:09 Town Watch
49:28 Onager
49:29 Capped Ram
49:46 Heavy Scorpion
50:40 Ballistas
50:44 Stone Mining
Connection lost

Rejoining the realm…

Still unreachable

The connection could not be restored.

Session expired

The server has moved on; the page needs a fresh start.